 Dungeon Crawl Stone Soup version 0.30.1-11-g7821555f0a (webtiles) character file.

Game seed: 1823410854158569070

102 Okkudo the Chopper (level 4, 0/39 HPs)
             Began as a Hill Orc Monk on Dec 1, 2023.
             Slain by a phantom (2 damage)
             ... on level 4 of the Dungeon.
             The game lasted 00:06:08 (2240 turns).

Okkudo the Chopper (Hill Orc Monk)                  Turns: 2240, Time: 00:06:08

Health: 0/39       AC:  5    Str: 15    XL:     4   Next: 77%
Magic:  4/4        EV:  9    Int: 10    God:
Gold:   73         SH:  7    Dex: 13    Spells: 3/3 levels left

rFire   x . .        a - +0 hand axe
rCold   + . .        k - +0 kite shield
rNeg    . . .        e - +0 ring mail
rPois   .            (no helmet)
rElec   .            (no cloak)
rCorr   .            (no gloves)
SInv    .            (no boots)
Will    .....        (no amulet)
Stlth   +            g - ring of ice
HPRegen 0.26/turn    (no ring)
MPRegen 0.09/turn

%: no passive effects
@: brilliant
A: no striking features
a: no special abilities


You were on level 4 of the Dungeon.
You visited 1 branch of the dungeon, and saw 4 of its levels.

You collected 73 gold pieces.

Inventory:

Hand Weapons
 a - a +0 hand axe (weapon)
Armour
 e - a +0 ring mail (worn)
 k - a +0 kite shield (worn)
Jewellery
 g - a ring of ice (left hand)
Scrolls
 d - 2 scrolls of blinking {unknown}
 f - 2 scrolls of identify {unknown}
 l - 2 scrolls of amnesia {unknown}
 o - a scroll of poison {unknown}
Potions
 b - a potion of cancellation {unknown}
 c - 2 potions of ambrosia
 h - a potion of heal wounds {unknown}
 i - 3 potions of brilliance
 j - a potion of haste {unknown}
 m - a potion of degeneration {unknown}
 n - a potion of curing {unknown}


   Skills:
 - Level 3.6 Fighting
 * Level 6.7 Axes
 - Level 1.1 Armour
 - Level 2.4 Dodging
 * Level 0.6 Shields


You had 3 spell levels left.
You didn't know any spells.
Your spell library contained the following spells:

 Spells                   Type           Power      Damage    Failure   Level
 Blink                    Tloc           0%         N/A       99%         2
 Cigotuvi's Dreadful Rot  Necr/Pois/Air  0%         N/A       99%         2
 Lesser Beckoning         Tloc           0%         N/A       99%         2
 Momentum Strike          Conj/Tloc      0%         3d8       99%         2
 Ignite Poison            Fire/Tmut/Pois 0%         N/A       100%        3
 Freezing Cloud           Conj/Ice/Air   0%         6-21      100%        5


Dungeon Overview and Level Annotations

Branches:
Dungeon (4/15)
 Temple: D:4-7

Altars:
Elyvilon
Qazlal
Vehumet

Shops:
D:3 [[


Message History

It was a potion of brilliance.
You feel clever all of a sudden.
The hound skeleton bites the withered plant. x2
You block the scorpion zombie's attack.
You barely miss the scorpion zombie. You closely miss the hound zombie.
The hound zombie bites you but does no damage.
The hound skeleton bites the withered plant.
The scorpion zombie hits you.
* * * LOW HITPOINT WARNING * * *
You hit the scorpion zombie.
The scorpion zombie is lightly damaged.
You closely miss the hound zombie. The hound zombie bites you.
* * * LOW HITPOINT WARNING * * *
The hound skeleton bites the withered plant.
You block the scorpion zombie's attack.
You hit the scorpion zombie.
The scorpion zombie is lightly damaged.
You hit the phantom.
The withered plant crumbles away.
The scorpion zombie barely misses you.
You hit the scorpion zombie but do no damage.
The scorpion zombie is lightly damaged.
You miss the phantom. You block the phantom's attack.
The scorpion zombie closely misses you.
You slash the scorpion zombie!
The scorpion zombie is moderately damaged.
You barely miss the phantom. You miss the phantom.
The phantom closely misses you.
The scorpion zombie hits you but does no damage.
You hit the scorpion zombie.
The scorpion zombie is heavily damaged.
You closely miss the phantom. You hit the phantom.
You block the phantom's attack. The scorpion zombie hits you.
* * * LOW HITPOINT WARNING * * *
You block the phantom's attack.
You hit the scorpion zombie.
The scorpion zombie is heavily damaged.
You hit the phantom. You closely miss the phantom.
The scorpion zombie hits you but does no damage.
The phantom hits you.
You die...

.≈≈≈..≈#............
≈...≈.≈#.Z..........
≈._.≈.≈#....§....§..
≈...≈.≈#...§P.§.§...
.≈≈≈..≈#......§§....
≈≈≈≈≈≈.#.....P......
.......#.....§§.....
..#########......§§..
#...ZW@ZZ.......##.
..~...W###########
.~~~~.Z P~~~~P.
.~~~~.. ..~.~P.
.P~P... ###....


You could see 2 phantoms, a jackal zombie, a hound zombie, a scorpion zombie and
a hound skeleton.

Vanquished Creatures
  4 adders
  A worm (D:2)
  4 dart slugs
  An orc (D:3)
  4 ball pythons
  4 bats
  7 endoplasms
  2 giant cockroaches
  5 goblins
  2 hobgoblins (D:1)
  4 jackals (D:2)
  5 kobolds
  3 frilled lizards
  4 rats
50 creatures vanquished.

Vanquished Creatures (others)
  An orc wizard (D:3)
1 creature vanquished.

Grand Total: 51 creatures vanquished

Notes
Turn   | Place    | Note
-------+----------+-------------------------------------------
     0 | D:1      | Okkudo the Hill Orc Monk began the quest for the Orb.
     0 | D:1      | Reached XP level 1. HP: 19/19 MP: 1/1
    71 | D:1      | Reached XP level 2. HP: 19/26 MP: 2/2
   257 | D:1      | Reached skill level 5 in Axes
   656 | D:1      | Reached XP level 3. HP: 31/31 MP: 3/3
  1223 | D:2      | Reached skill level 1 in Armour
  1276 | D:2      | Reached skill level 6 in Axes
  1352 | D:2      | Reached XP level 4. HP: 35/39 MP: 4/4
  1683 | D:2      | Found a stormy altar of Qazlal.
  1866 | D:3      | Found Get Cogg's Armour Shoppe.
  1943 | D:3      | Found a white marble altar of Elyvilon.
  1989 | D:3      | Found Ettun's Antique Armour Shop.
  2095 | D:3      | Found a stormy altar of Qazlal.
  2228 | D:4      | Found a radiant altar of Vehumet.
  2232 | D:4      | Noticed a phantom
  2232 | D:4      | Noticed a phantom
  2239 | D:4      | HP: 1/39 [scorpion zombie (2)]
  2240 | D:4      | Slain by a phantom

Illustrated notes

Levels and vault maps discovered:
D:1:      lemuel_arrival_muddy, layout_basic, st_stairs_3
D:2:      layout_loops_ring, basic_altar
D:3:      layout_loops_ring, mainiacjoe_overflow_catch_the_wave, serial_shops,
          nicolae_shop_pleasant_corner_grove, shop, shop, shop,
          kennysheep_potato
D:4:      layout_rooms, mainiacjoe_overflow_paths,
          minmay_temple_entry_water_ring, serial_undead, serial_undead_f,
          serial_undead_b, serial_undead_c, serial_undead_b,
          uniq_crazy_yiuf_cottage

Skill      XL: |  1  2  3 |
---------------+----------+-----
Axes           | 5 6 |  6.7
Armour         | 1 |  1.1
Fighting       | |  3.6
Dodging        | |  2.4
Shields        | |  0.6

Action                     |  1- 3 |  4- 6 || total
---------------------------+-------+-------++-------
  Melee: Hand axe          |    94 |    73 ||   167
    Use: Potion            |       |     1 ||     1
 Armour: Ring mail         |    21 |    26 ||    47
         Robe              |     1 |       ||     1
  Dodge: Dodged            |    49 |    27 ||    76
  Block: Kite shield       |     3 |    20 ||    23
